 Dungeon Crawl Stone Soup version 0.19.0-24-gb05acd6 (webtiles) character file.

180 JeffiDaFish the Covered (level 5, 0/33 HPs)
             Began as a Gargoyle Fighter on Nov 22, 2016.
             Slain by Grinder (2 damage)
             ... on level 4 of the Dungeon.
             The game lasted 00:08:48 (2628 turns).

JeffiDaFish the Covered (Gargoyle Fighter)          Turns: 2628, Time: 00:08:48

Health: 0/33       AC: 13    Str: 23 (25) XL:     5   Next: 60%
Magic:  14/14      EV:  8    Int:  8 (9)  God:
Gold:   126        SH:  9    Dex:  7 (9)  Spells: 1 memorised, 2 levels left

rFire  + . .     SeeInvis .     s - +0 morningstar
rCold  x . .     Gourm    .     b - +0 scale mail
rNeg   + . .     Faith    .     c - +0 shield
rPois  ∞         Spirit   .     (no helmet)
rElec  +         Reflect  .     (no cloak)
rCorr  .         Harm     .     (no gloves)
MR     .....                    l - +1 pair of boots
Stlth  ..........               k - amulet of magic regeneration
                                g - ring of magical power
                                i - ring of fire

@: mighty
A: negative energy resistance 1, electricity resistance, unbreathing,
petrification resistance, rot immunity, AC +4
a: no special abilities


You were on level 4 of the Dungeon.
You were not hungry.

You visited 1 branch of the dungeon, and saw 4 of its levels.

You collected 126 gold pieces.

Inventory:

Hand Weapons
 s - a +0 morningstar (weapon)
Armour
 b - a +0 scale mail (worn)
 c - a +0 shield (worn)
 l - a +1 pair of boots (worn)
Jewellery
 g - a ring of magical power (right hand)
 i - a ring of fire (left hand)
 k - an amulet of magic regeneration (around neck)
Scrolls
 e - a scroll of recharging
Potions
 o - a potion of cancellation
Books
 r - a book of Flames

   Spells                             Type                      Level
   a - Flame Tongue                   Conjuration/Fire             1
   b - Throw Flame                    Conjuration/Fire             2
   c - Conjure Flame                  Conjuration/Fire             3
   d - Inner Flame                    Hexes/Fire                   3
   e - Sticky Flame                   Conjuration/Fire             4
   f - Fireball                       Conjuration/Fire             5
Comestibles
 f - 3 bread rations
 h - a fruit
 m - a chunk of flesh
 n - a meat ration
 p - a beef jerky


   Skills:
 * Level 4.0 Fighting
 * Level 3.8 Maces & Flails
 * Level 4.1 Armour
 - Level 0.8 Dodging
 * Level 4.0 Shields
 + Level 0.1 Spellcasting
 + Level 0.2 Conjurations
 + Level 0.2 Fire Magic


You had 2 spell levels left.
You knew the following spells:

 Your Spells              Type           Power        Failure   Level  Hunger
a - Throw Flame           Conj/Fire      #.....       100%        2    ###....


Dungeon Overview and Level Annotations

Branches:
Dungeon (4/15)
 Temple: D:4-7

Altars:
Elyvilon
Hepliaklqana
Okawaru
Qazlal

Shops:
D:4 :

Annotations:
D:4 Grinder, Robin


Innate Abilities, Weirdness & Mutations

You are resistant to torment.
Your stone body is resilient. (AC +4)
You are immune to poison.
You resist negative energy. (rN+)
You are resistant to electric shocks. (rElec)
You can survive without breathing.
You are immune to petrification.
You are immune to rotting.


Message History

Pain shoots through your body!
You barely miss Grinder. You block Grinder's attack.
You closely miss Grinder. Grinder hits you but does no damage.
Grinder hits you.
You writhe in agony.
You closely miss Grinder. Grinder gestures at you.
Pain shoots through your body!
* * * LOW HITPOINT WARNING * * *
You are too injured to fight recklessly!
You sock Grinder!
Grinder is moderately wounded.
You block Grinder's attack.
Grinder blinks!
Grinder blinks!
You start resting.
You thump Grinder!
Grinder is severely wounded.
Grinder hits you.
* * * LOW HITPOINT WARNING * * *
You writhe in agony.
You die...

####.............#
#.............#
#.............#
##............###
#..............#
######..)......#
#.........#
#.....5...#
#......@..#
#.........#
#..(......#
#.........#
###########


You could see Grinder.

Vanquished Creatures
  A hound (D:3)
  9 adders
  3 worms
  2 dart slugs
  A leopard gecko (D:2)
  2 ball pythons (D:2)
  2 bats
  2 giant cockroaches
  14 goblins
  9 hobgoblins
  4 frilled lizards
  4 kobolds
  4 rats
57 creatures vanquished.

Notes
Turn   | Place    | Note
-------+----------+-------------------------------------------
     0 | D:1      | JeffiDaFish the Gargoyle Fighter began the quest for the Orb.
     0 | D:1      | Reached XP level 1. HP: 14/14 MP: 1/1
   129 | D:1      | Reached XP level 2. HP: 19/19 MP: 2/2
   205 | D:1      | Gained mutation: You possess an exceptional clarity of mind. [potion of beneficial mutation]
   633 | D:2      | Reached XP level 3. HP: 22/23 MP: 3/3
   942 | D:2      | Reached XP level 4. HP: 20/28 MP: 4/4
  1019 | D:2      | Found a hazy altar of Hepliaklqana.
  1019 | D:2      | Found a stormy altar of Qazlal.
  1616 | D:3      | Reached XP level 5. HP: 19/33 MP: 5/5
  1895 | D:3      | Found an iron altar of Okawaru.
  1925 | D:3      | Lost mutation: You possess an exceptional clarity of mind. [potion of cure mutation]
  2060 | D:3      | Found a white marble altar of Elyvilon.
  2060 | D:3      | Found a faded altar of an unknown god.
  2065 | D:3      | Found a faded altar of an unknown god.
  2067 | D:3      | Found a faded altar of an unknown god.
  2069 | D:3      | Found a faded altar of an unknown god.
  2200 | D:4      | Noticed Robin
  2409 | D:4      | Learned a level 2 spell: Throw Flame
  2435 | D:4      | Found Vulle Jomn's Book Boutique.
  2599 | D:4      | Noticed Grinder
  2628 | D:4      | Slain by Grinder

Skill      XL: |  1  2  3  4  5 |
---------------+----------------+-----
Maces & Flails | 3 |  3.8
Armour         | 4 |  4.1
Fighting       | 4 |  4.0
Shields        | 4 |  4.0
Dodging        | |  0.8
Spellcasting   | |  0.1
Conjurations   | |  0.2
Fire Magic     | |  0.2

Action                   |  1- 3 |  4- 6 || total
-------------------------+-------+-------++-------
Melee: Flail             |   128 |   172 ||   300
       Morningstar       |       |    11 ||    11
  Use: Scroll            |     2 |     2 ||     4
       Potion            |     2 |     3 ||     5
  Eat: Chunk             |       |     6 ||     6
Armor: Scale mail        |    58 |    87 ||   145
Dodge: Dodged            |    41 |    48 ||    89
Block: Shield            |    58 |    93 ||   151
